[Event "January 9 Late 2024"]
[Site "https://www.chess.com"]
[Date "2024.01.09"]
[Round "2"]
[White "Stojanovski, Sandi"]
[Black "Kappeler, Kaspar"]
[Result "1/2-1/2"]
[Board "195"]
[TimeControl "180+1"]
[WhiteFideId "1403249"]
[BlackFideId "1309072"]
[WhiteElo "2514"]
[BlackElo "2255"]
[WhiteTeam "DEN"]
[BlackTeam "SUI"]
[WhiteClock "0:00:16"]
[BlackClock "0:00:08"]

1. d3 Nf6 2. Nf3 e6 3. g3 d5 4. Bg2 c5 5. O-O Nc6 6. c4 d4 7. e3 Be7 8. exd4 cxd4 9. Bf4 Nd7 10. Re1 O-O 11. a3 a5 12. Ne5 Ncxe5 13. Bxe5 Nxe5 14. Rxe5 a4 15. Nd2 Ra6 16. Rb5 Rb6 17. Rxb6 Qxb6 18. Rb1 Bd7 19. b4 axb3 20. Qxb3 Qxb3 21. Rxb3 Bc6 22. Bxc6 bxc6 23. Nf3 Bf6 24. a4 Ra8 25. a5 g6 26. Ra3 Ra6 27. Ra4 e5 28. Nd2 Bd8 29. Nb3 f5 30. Rb4 Kg7 31. Ra4 Kf6 32. f3 g5 33. Kf2 h5 34. h3 g4 35. fxg4 hxg4 36. hxg4 fxg4 37. Ke2 Kf5 38. Kd2 Bg5+ 39. Kc2 Bd8 40. Kb2 Bc7 41. Kc2 Bb6 42. axb6 Rxa4 43. b7 Rb4 44. Nc5 Kg6 45. Nd7 Rxb7 46. Nxe5+ Kf5 47. Nxc6 Rh7 48. Nxd4+ Kf6 49. Kd2 Rh3 50. Ne2 Ke5 51. Ke3 Rh1 52. d4+ Kf5 53. d5 Ra1 54. Nd4+ Ke5 55. Nc6+ Kd6 56. Kd4 Rd1+ 57. Ke4 Rc1 58. Kd3 Rd1+ 59. Kc2 Rg1 60. Nd4 Rg2+ 61. Kd3 Rxg3+ 62. Ke4 Rg1 63. Nf5+ Kc5 64. d6 Re1+ 65. Kf4 Rf1+ 66. Kxg4 Rxf5 67. Kxf5 Kxd6 68. Ke4 Kc5 69. Kd3 Kc6 70. Kd4 Kd6 71. Kc3 Kc5 72. Kb3 Kc6 73. Kb4 Kb6 74. Ka4 Kc5 75. Kb3 Kc6 76. Kc2 Kc5 77. Kd3 Kc6 78. Kd4 Kd6 79. c5+ Kc6 80. Kc4 Kc7 81. Kc3 Kc6 82. Kb4 Kc7 83. Ka5 Kc6 84. Kb4 Kc7 85. Kc3 Kc6 86. Kd4 Kc7 87. Kd5 Kd7 88. Kd4 Kc6 89. Kc4 Kc7 90. Kc3 1/2-1/2

[Event "January 9 Late 2024"]
[Site "https://www.chess.com"]
[Date "2024.01.09"]
[Round "2"]
[White "Play, Gilles"]
[Black "Boder, Jan"]
[Result "1-0"]
[Board "196"]
[TimeControl "180+1"]
[WhiteFideId "45130892"]
[BlackFideId "16243226"]
[WhiteElo "2510"]
[BlackElo "2249"]
[WhiteTeam "FRA"]
[BlackTeam "GER"]
[WhiteClock "0:00:14"]
[BlackClock "0:00:12"]

1. e4 e5 2. Nf3 Nc6 3. c3 Nf6 4. d4 exd4 5. e5 Ne4 6. Qe2 Nc5 7. cxd4 Ne6 8. d5 Ncd4 9. Nxd4 Nxd4 10. Qe4 c5 11. Nc3 g6 12. h4 Bg7 13. h5 Qe7 14. f4 d6 15. h6 Bxh6 16. Bb5+ Kf8 17. exd6 Qxe4+ 18. Nxe4 Nxb5 19. Rxh6 Bf5 20. Nxc5 Re8+ 21. Kf2 Nxd6 22. Be3 b6 23. Bd4 Rg8 24. Be5 bxc5 25. Bxd6+ Kg7 26. Rah1 Rh8 27. Bxc5 f6 28. d6 Rc8 29. b4 a5 30. a3 Be4 31. R6h3 h5 32. Re3 Bf5 33. Re7+ Kh6 34. d7 Rcd8 35. Rd1 axb4 36. axb4 Rh7 37. Re8 Rdxd7 38. Bf8+ Rhg7 39. Rxd7 Bxd7 40. Re7 1-0

[Event "January 9 Late 2024"]
[Site "https://www.chess.com"]
[Date "2024.01.09"]
[Round "2"]
[White "Rose, Felix"]
[Black "Mullodzhanov, Nathaniel"]
[Result "0-1"]
[Board "197"]
[TimeControl "180+1"]
[WhiteFideId "5105722"]
[BlackFideId "30961580"]
[WhiteElo "2247"]
[BlackElo "2509"]
[WhiteTeam "MEX"]
[BlackTeam "USA"]
[WhiteClock "0:01:28"]
[BlackClock "0:02:18"]

1. e4 c6 2. d4 d5 3. e5 Bf5 4. h4 h6 5. g4 Be4 6. f3 Bh7 7. e6 Qd6 8. exf7+ Kxf7 9. Ne2 Nf6 10. Bf4 Qd7 11. h5 e6 12. Ng3 Bd6 13. Qd2 Bxf4 14. Qxf4 Bxc2 15. Nc3 Rd8 16. Be2 Qd6 17. Qxd6 Rxd6 18. O-O Rd8 19. b4 a5 20. b5 b6 21. bxc6 Nxc6 22. Rac1 Nxd4 23. Rfe1 Rac8 0-1

[Event "January 9 Late 2024"]
[Site "https://www.chess.com"]
[Date "2024.01.09"]
[Round "2"]
[White "Rodriguez Dominguez, Melissa"]
[Black "Jaiveer Mahendru"]
[Result "0-1"]
[Board "198"]
[TimeControl "180+1"]
[WhiteFideId "3517560"]
[BlackFideId "25611151"]
[WhiteElo "2247"]
[BlackElo "2508"]
[WhiteTeam "CUB"]
[BlackTeam "IND"]
[WhiteClock "0:00:00"]
[BlackClock "0:01:45"]

1. e4 e5 2. Nf3 Nc6 3. Bb5 d6 4. d4 exd4 5. Nxd4 Bd7 6. Nc3 Nf6 7. O-O a6 8. Bxc6 bxc6 9. Bf4 Be7 10. b3 O-O 11. Qd2 c5 12. Nf5 Bc6 13. f3 Nd7 14. Nd5 Bxd5 15. Qxd5 Bf6 16. Rad1 g6 17. Nh6+ Kg7 18. Ng4 Kg8 19. Qc6 Bd4+ 20. Kh1 Bg7 21. c4 Qc8 22. Bh6 Ne5 23. Nxe5 Bxh6 24. Nd7 Bg7 25. Nxf8 Kxf8 26. f4 Rb8 27. e5 Rb6 28. Qd5 Kg8 29. f5 gxf5 30. exd6 Rxd6 31. Qxc5 Rh6 32. Qxf5 Qb8 33. Qxf7+ Kh8 34. Qe7 Rd6 35. Rxd6 cxd6 36. Qf7 Qd8 37. Re1 Be5 38. Rf1 Bg7 0-1

[Event "January 9 Late 2024"]
[Site "https://www.chess.com"]
[Date "2024.01.09"]
[Round "2"]
[White "Eke, Salih"]
[Black "Harish, Neeraj"]
[Result "0-1"]
[Board "199"]
[TimeControl "180+1"]
[WhiteFideId "6397573"]
[BlackFideId "30958130"]
[WhiteElo "2508"]
[BlackElo "2246"]
[WhiteTeam "TUR"]
[BlackTeam "USA"]
[WhiteClock "0:01:06"]
[BlackClock "0:00:04"]

1. d4 Nf6 2. Bf4 d5 3. Nf3 c5 4. e3 Nc6 5. c3 Qb6 6. Qb3 c4 7. Qxb6 axb6 8. Na3 Ra5 9. Be2 Bf5 10. Bc7 Nd7 11. Kd2 e6 12. Nc2 Be7 13. a3 O-O 14. Nb4 Rfa8 15. Ne5 Ndxe5 16. Bxe5 Nxb4 17. cxb4 Bxb4+ 18. Kc1 c3 19. g4 cxb2+ 20. Kxb2 Bxa3+ 21. Kb3 Be4 22. f3 Bg6 23. h4 h5 24. Bc7 hxg4 25. fxg4 Be4 26. Rhf1 Rc8 27. Bxb6 Bc2+ 28. Ka2 Raa8 29. Bc5 Bc1+ 30. Ba7 Rxa7+ 0-1

[Event "January 9 Late 2024"]
[Site "https://www.chess.com"]
[Date "2024.01.09"]
[Round "2"]
[White "Martins, Bruno Andre Leite"]
[Black "Liu, Kelsey"]
[Result "1-0"]
[Board "200"]
[TimeControl "180+1"]
[WhiteFideId "1942255"]
[BlackFideId "30944481"]
[WhiteElo "2508"]
[BlackElo "2239"]
[WhiteTeam "POR"]
[BlackTeam "USA"]
[WhiteClock "0:01:08"]
[BlackClock "0:00:10"]

1. d4 Nf6 2. c4 g6 3. g3 Bg7 4. Bg2 O-O 5. Nf3 d6 6. O-O c5 7. Nc3 Nc6 8. dxc5 dxc5 9. Be3 Qa5 10. Qa4 Qb4 11. Qb5 a6 12. Qxc5 Bg4 13. Qxb4 Nxb4 14. Bc5 Nc6 15. Nd4 Nxd4 16. Bxd4 Rab8 17. Be5 Rbc8 18. Bxb7 Rxc4 19. Bxa6 Rc5 20. Bd4 Ra5 21. Bc4 Rc8 22. b3 e5 23. Bb6 Raa8 24. a4 Nd7 25. Be3 e4 26. Rac1 Ne5 27. Bd5 Rab8 28. Ba7 Rb4 29. Nxe4 Rxc1 30. Rxc1 h5 31. f3 Bh3 32. Kf2 Kh7 33. Ng5+ Kh6 34. Nxh3 1-0

[Event "January 9 Late 2024"]
[Site "https://www.chess.com"]
[Date "2024.01.10"]
[Round "2"]
[White "Bastos Seixas, Pedro Lucas"]
[Black "Santos Flores, Alberto"]
[Result "1-0"]
[Board "201"]
[TimeControl "180+1"]
[WhiteFideId "2150859"]
[BlackFideId "3601234"]
[WhiteElo "2238"]
[BlackElo "2508"]
[WhiteTeam "BRA"]
[BlackTeam "ECU"]
[WhiteClock "0:00:21"]
[BlackClock "0:00:46"]

1. e4 e6 2. d3 d5 3. Nd2 Nf6 4. g3 dxe4 5. dxe4 Nc6 6. Bg2 e5 7. c3 a5 8. Ngf3 Bc5 9. O-O O-O 10. Qe2 b6 11. a4 Ba6 12. Nc4 Qe7 13. b3 h6 14. Nh4 Qe6 15. Nf5 Bxc4 16. bxc4 Ne7 17. g4 Rad8 18. h4 Nxf5 19. exf5 Qd6 20. g5 hxg5 21. hxg5 Nd7 22. Be4 Nb8 23. Kg2 Rfe8 24. Rh1 Kf8 25. Rh7 Ke7 26. Qh5 Rg8 27. f6+ Kd7 28. Qxf7+ Kc8 29. Rxg7 Rh8 30. Be3 Bxe3 31. Rd1 Bd2 32. Rxd2 Qc5 33. Qe6+ Nd7 34. Rdxd7 Rxd7 35. Qxd7+ Kb8 36. f7 Qxc4 37. Qd5 1-0

[Event "January 9 Late 2024"]
[Site "https://www.chess.com"]
[Date "2024.01.09"]
[Round "2"]
[White "Silva, Caio Henrique Angelico"]
[Black "Chemin, Justo Reinaldo"]
[Result "1-0"]
[Board "202"]
[TimeControl "180+1"]
[WhiteFideId "22777210"]
[BlackFideId "2101580"]
[WhiteElo "2507"]
[BlackElo "2237"]
[WhiteTeam "BRA"]
[BlackTeam "BRA"]
[WhiteClock "0:00:36"]
[BlackClock "0:00:00"]

1. d4 d5 2. Nf3 c6 3. g3 Bf5 4. c4 e6 5. Nc3 dxc4 6. a4 Bb4 7. Bg2 Nf6 8. O-O Nbd7 9. Re1 Ne4 10. Nxe4 Bxe4 11. Bd2 Qa5 12. Rc1 Bxf3 13. Bxb4 Qxb4 14. Bxf3 O-O 15. Qc2 Nb6 16. Ra1 a5 17. Reb1 Nd5 18. e3 b5 19. b3 Qc3 20. Qxc3 Nxc3 21. Rc1 b4 22. bxc4 Rac8 23. Kf1 Rfd8 24. c5 e5 25. dxe5 Rd2 26. Ke1 Rcd8 27. h3 Rb2 28. Bxc6 Rdd2 29. Bb5 Rxf2 30. Bf1 Nd5 31. Rd1 Rxf1+ 32. Kxf1 Nxe3+ 33. Ke1 Nxd1 34. Rxd1 Kf8 35. Rd8+ 1-0

[Event "January 9 Late 2024"]
[Site "https://www.chess.com"]
[Date "2024.01.10"]
[Round "2"]
[White "Wang, Alexander J"]
[Black "Avramidou, Anastasia"]
[Result "0-1"]
[Board "203"]
[TimeControl "180+1"]
[WhiteFideId "30955270"]
[BlackFideId "4239873"]
[WhiteElo "2232"]
[BlackElo "2507"]
[WhiteTeam "USA"]
[BlackTeam "GRE"]
[WhiteClock "0:00:56"]
[BlackClock "0:02:23"]

1. e4 g6 2. d4 Bg7 3. Nf3 d6 4. Nc3 a6 5. Be3 b5 6. a3 Bb7 7. Be2 Nf6 8. Bd3 Nbd7 9. O-O O-O 10. h3 c5 11. d5 Re8 12. Be2 Rc8 13. Rc1 b4 14. axb4 cxb4 15. Na2 a5 16. c3 Nxe4 17. cxb4 Rxc1 18. Qxc1 Bxd5 19. Nc3 Nxc3 20. bxc3 axb4 21. cxb4 Qb8 22. Qd2 Qb7 23. Bd4 e5 0-1

[Event "January 9 Late 2024"]
[Site "https://www.chess.com"]
[Date "2024.01.09"]
[Round "2"]
[White "Petre, Nad-Titus"]
[Black "Gonzalez Vega, Alejandro"]
[Result "1-0"]
[Board "204"]
[TimeControl "180+1"]
[WhiteFideId "1204165"]
[BlackFideId "3510042"]
[WhiteElo "2503"]
[BlackElo "2226"]
[WhiteTeam "ROU"]
[BlackTeam "CUB"]
[WhiteClock "0:00:08"]
[BlackClock "0:00:00"]

1. Nf3 d5 2. e3 Nf6 3. c4 e6 4. Nc3 c6 5. b3 Nbd7 6. Bb2 Be7 7. Qc2 a5 8. Rg1 b6 9. g4 h6 10. h4 h5 11. gxh5 Nxh5 12. Ng5 Bf6 13. Be2 g6 14. Nxf7 Kxf7 15. Qxg6+ Ke7 16. Bxh5 Qf8 17. Be2 Rxh4 18. O-O-O Ne5 19. Qg3 dxc4 20. bxc4 Ba6 21. d4 Nd7 22. f4 Kd8 23. Ne4 Be7 24. Bg4 Rh6 25. Rh1 Rg6 26. Qh3 Bxc4 27. Kb1 Ba3 28. Bc3 Bb4 29. Bb2 Ba3 30. Rd2 Bd5 31. Bf3 Rg8 32. Rc2 Qb4 33. Ka1 Bxb2+ 34. Rxb2 Qa4 35. Nd6 Kc7 36. e4 Kxd6 37. exd5 cxd5 38. Re1 Rae8 39. Bg4 Nf8 40. Qh2 Qxd4 41. f5+ e5 42. Qh6+ Kc7 43. Rc1+ Kb8 44. Qxb6+ Qxb6 45. Rxb6+ Ka7 46. Rb5 Ka6 47. Rcc5 Rb8 48. Rxa5+ Kb7 49. Rab5+ Ka7 50. Rxb8 Kxb8 51. Bf3 Nd7 52. Rxd5 Nf6 53. Rxe5 Rf8 54. Kb2 Kc7 55. Be4 Kd6 56. Re6+ Kc5 57. Kc3 Nxe4+ 58. Rxe4 Rxf5 59. Rc4+ Kb5 60. Rb4+ Ka5 61. Rd4 Rf3+ 62. Kc4 Ra3 63. Rd8 Kb6 64. Rb8+ Kc7 65. Rb2 Ra8 66. Rc2 Ra4+ 67. Kb5+ 1-0

[Event "January 9 Late 2024"]
[Site "https://www.chess.com"]
[Date "2024.01.09"]
[Round "2"]
[White "Mizzi, Jack"]
[Black "Jose Iraeta, Alejandro"]
[Result "1-0"]
[Board "205"]
[TimeControl "180+1"]
[WhiteFideId "5602521"]
[BlackFideId "2226537"]
[WhiteElo "2500"]
[BlackElo "2225"]
[WhiteTeam "MLT"]
[BlackTeam "ESP"]
[WhiteClock "0:00:03"]
[BlackClock "0:00:03"]

1. d4 d5 2. c4 c6 3. Nf3 Nf6 4. Nbd2 e6 5. g3 Bd6 6. Bg2 O-O 7. O-O b6 8. Qc2 Bb7 9. e4 dxe4 10. Nxe4 Nxe4 11. Qxe4 Nd7 12. Rd1 Qe7 13. b3 Nf6 14. Qc2 c5 15. Bb2 cxd4 16. Nxd4 Bxg2 17. Kxg2 Rad8 18. Kg1 Qb7 19. Qe2 Be7 20. Rd3 Rd7 21. Rad1 Rfd8 22. Nf3 Rxd3 23. Rxd3 Rxd3 24. Qxd3 h6 25. Ne5 Bc5 26. Bd4 Bxd4 27. Qxd4 Qc7 28. b4 h5 29. b5 Ne8 30. Nc6 Nd6 31. a4 a6 32. h4 axb5 33. cxb5 Nb7 34. Kg2 g6 35. Qf6 Nd6 36. Ne7+ Kh7 37. Nc6 Nf5 38. Ne5 Kg8 39. Nc6 Qd6 40. Qc3 Qd5+ 41. Qf3 Qc4 42. Qf4 Qd5+ 43. Kh2 Nd6 44. Ne7+ 1-0

[Event "January 9 Late 2024"]
[Site "https://www.chess.com"]
[Date "2024.01.09"]
[Round "2"]
[White "Gryshko, Vitalii"]
[Black "Svicevic, Rastko"]
[Result "1-0"]
[Board "206"]
[TimeControl "180+1"]
[WhiteFideId "14174286"]
[BlackFideId "916315"]
[WhiteElo "2500"]
[BlackElo "2219"]
[WhiteTeam "UKR"]
[BlackTeam "SRB"]
[WhiteClock "0:00:18"]
[BlackClock "0:00:00"]

1. c4 g6 2. h4 Bg7 3. h5 d5 4. hxg6 hxg6 5. Rxh8 Bxh8 6. cxd5 Nf6 7. Nc3 Nxd5 8. e4 Nb6 9. Nf3 Nc6 10. Bb5 Bd7 11. d4 a6 12. Bxc6 Bxc6 13. d5 Bd7 14. Qb3 Bg4 15. Be3 Qd6 16. O-O-O O-O-O 17. Rh1 Bxf3 18. gxf3 Be5 19. Ne2 Rh8 20. Rxh8+ Bxh8 21. f4 e6 22. Bxb6 cxb6 23. dxe6 Qxe6 24. Qxe6+ fxe6 25. b3 Kd7 26. e5 Bg7 27. Kd2 Bh6 28. Kd3 g5 29. Ke4 gxf4 30. Nxf4 b5 31. Nh5 Bd2 32. f4 b4 33. Nf6+ Ke7 34. f5 b5 35. fxe6 Kxe6 36. Nd5 Bc3 37. Nf4+ Ke7 38. Kd5 a5 39. e6 a4 40. Ng6+ Ke8 41. Kd6 axb3 42. axb3 Bf6 43. Nf4 Bd4 44. Nd5 Bc3 45. Nc7+ Kd8 46. e7+ 1-0

[Event "January 9 Late 2024"]
[Site "https://www.chess.com"]
[Date "2024.01.09"]
[Round "2"]
[White "D`Arruda, Ricardo D."]
[Black "Skurikhin, Dmitrij"]
[Result "0-1"]
[Board "207"]
[TimeControl "180+1"]
[WhiteFideId "100692"]
[BlackFideId "4161297"]
[WhiteElo "2498"]
[BlackElo "2217"]
[WhiteTeam "ARG"]
[BlackTeam "RUS"]
[WhiteClock "0:00:19"]
[BlackClock "0:00:11"]

1. d4 d5 2. Nf3 Nf6 3. c4 c6 4. e3 Bf5 5. Nc3 e6 6. Bd3 Bg6 7. O-O Nbd7 8. b3 Bb4 9. Bb2 O-O 10. Qc2 a5 11. Bxg6 hxg6 12. a3 Bd6 13. e4 Nxe4 14. Nxe4 dxe4 15. Qxe4 Nf6 16. Qh4 Be7 17. Rad1 Nh7 18. Qe4 Bf6 19. Qc2 Qb6 20. Ne5 Rfd8 21. Kh1 Bxe5 22. dxe5 Nf8 23. Rd6 Nd7 24. Rfd1 Nc5 25. h3 Rxd6 26. exd6 Rd8 27. Qc3 f6 28. b4 axb4 29. axb4 Ne4 30. Qd4 Nxf2+ 31. Kg1 Qxd4 32. Rxd4 e5 33. Rg4 Nxg4 0-1

[Event "January 9 Late 2024"]
[Site "https://www.chess.com"]
[Date "2024.01.09"]
[Round "2"]
[White "Pourkashiyan, Atousa"]
[Black "Cardozo Munar, Carlos Eduardo"]
[Result "1-0"]
[Board "208"]
[TimeControl "180+1"]
[WhiteFideId "12502014"]
[BlackFideId "4409477"]
[WhiteElo "2495"]
[BlackElo "2211"]
[WhiteTeam "USA"]
[BlackTeam "COL"]
[WhiteClock "0:00:17"]
[BlackClock "0:00:00"]

1. d4 d5 2. c4 e5 3. dxe5 d4 4. Nf3 Nc6 5. a3 Nge7 6. b4 Ng6 7. Bb2 a5 8. b5 Ncxe5 9. Nxe5 Nxe5 10. Qxd4 Qxd4 11. Bxd4 Nxc4 12. e3 Nd6 13. Be2 Be7 14. Nc3 O-O 15. Nd5 Bd8 16. Rc1 c6 17. bxc6 bxc6 18. Rxc6 Nf5 19. Ba1 Bb7 20. Rc5 Ne7 21. Bf3 Nxd5 22. Bxd5 Be7 23. Rc7 Bxd5 24. Rxe7 Bxg2 25. Rg1 Rab8 26. Ke2 g6 27. Rxg2 Rb3 28. a4 Ra3 29. Bd4 Ra2+ 30. Kf3 Rxa4 31. Rg5 Ra8 32. Rd5 Rb4 33. Rdd7 Rf8 34. Ra7 Rb5 35. Red7 Rf5+ 36. Kg3 h5 37. h4 Re8 38. Rdc7 g5 39. Rc5 gxh4+ 40. Kg2 Rxc5 41. Bxc5 Re5 42. Rxa5 Kh7 43. Bb4 Re4 44. Rxh5+ Kg6 45. Rb5 f5 46. Rb6+ Kh5 47. Bc5 Rc4 48. Bd4 Kg4 49. Rb8 h3+ 50. Kh2 Rc2 51. Rg8+ Kf3 52. Kxh3 Rxf2 53. Rf8 Ke4 54. Kg3 Rf3+ 55. Kg2 Rxe3 56. Bxe3 Kxe3 57. Rxf5 1-0

[Event "January 9 Late 2024"]
[Site "https://www.chess.com"]
[Date "2024.01.09"]
[Round "2"]
[White "Palmer, Reegan"]
[Black "Goncalves, Davi Sulzbacher"]
[Result "0-1"]
[Board "209"]
[TimeControl "180+1"]
[WhiteFideId "14322145"]
[BlackFideId "2154510"]
[WhiteElo "2211"]
[BlackElo "2494"]
[WhiteTeam "RSA"]
[BlackTeam "BRA"]
[WhiteClock "0:00:04"]
[BlackClock "0:00:43"]

1. e4 c5 2. Nf3 d6 3. d3 Nf6 4. g3 g6 5. Bg2 Bg7 6. O-O O-O 7. c3 Nc6 8. Nbd2 b6 9. Re1 Bb7 10. Nf1 Qc7 11. h4 h5 12. d4 cxd4 13. cxd4 Rac8 14. Bg5 Nb4 15. Rc1 Qd7 16. Qb3 Nc6 17. e5 Ng4 18. e6 fxe6 19. Qxe6+ Qxe6 20. Rxe6 Nxd4 21. Nxd4 Rxc1 22. Bxc1 Bxg2 23. Nb3 Bxf1 24. Kxf1 Rxf2+ 25. Kg1 Bf6 26. Re1 Rc2 27. Rf1 Kf7 28. Kh1 Ke6 29. Bg5 Kd7 30. Bxf6 exf6 31. Kg1 Rxb2 32. Ra1 a5 33. Nd4 a4 34. Nf3 a3 35. Rd1 Rxa2 36. Nd2 Ne3 37. Ra1 Rxa1+ 0-1

[Event "January 9 Late 2024"]
[Site "https://www.chess.com"]
[Date "2024.01.09"]
[Round "2"]
[White "Sailer, Mike"]
[Black "Novikov, Evgenij"]
[Result "0-1"]
[Board "210"]
[TimeControl "180+1"]
[WhiteFideId "2012901"]
[BlackFideId "4125380"]
[WhiteElo "2207"]
[BlackElo "2492"]
[WhiteTeam "USA"]
[BlackTeam "RUS"]
[WhiteClock "0:00:00"]
[BlackClock "0:00:01"]

1. d4 f5 2. Nc3 Nf6 3. Bg5 d5 4. e4 dxe4 5. f3 exf3 6. Nxf3 e6 7. Bc4 Bd6 8. Qe2 O-O 9. O-O Kh8 10. Rad1 c6 11. Rfe1 Re8 12. a3 Qc7 13. Ne5 b5 14. Ba2 a5 15. Bxf6 gxf6 16. Qh5 Rg8 17. Nf7+ Kg7 18. Nh6 Rf8 19. Bxe6 Bxh2+ 20. Kh1 Bf4 21. Nxf5+ Kh8 22. Bxc8 Ra7 23. Re7 Qxe7 24. Nxe7 Rxe7 25. Bf5 Bg5 26. Ne4 Nd7 27. Nxg5 fxg5 28. Qxg5 Rg7 29. Qh5 Nf6 30. Qh3 Nd5 31. Re1 Nf4 32. Qd3 Nxd3 33. Bxd3 Rd7 34. Re6 Rxd4 35. Rxc6 Rh4+ 36. Kg1 b4 37. axb4 axb4 38. b3 Rf7 39. Rc8+ Kg7 40. Rc5 Rhf4 41. Rg5+ Kf6 42. Rh5 Ra7 43. Rxh7 Ra1+ 44. Kh2 Ke5 45. Kg3 Rf8 46. Rh5+ Kd4 47. Rh4+ Ke3 48. Re4+ Kd2 49. Re2+ Kc3 50. Re4 Rb8 51. Rc4+ Kd2 52. Re4 Rh1 53. Re2+ Kc3 54. Re4 Rh6 55. Rc4+ Kd2 56. Re4 Rg6+ 57. Kf2 Rf8+ 58. Kg1 Rb6 59. Re2+ Kc3 60. Re4 Rg8 61. Rc4+ Kd2 62. Re4 Rd6 63. Re2+ Kc3 64. Re4 Rb6 65. Rc4+ Kb2 66. Re4 Rg5 67. Re2 Rb7 68. Rf2 Rbg7 69. Re2 Kc3 70. Rf2 Rg3 71. Re2 Rxd3 72. cxd3 Kxb3 73. Kf2 Kc3 74. Re3 b3 75. d4+ Kc2 76. Re2+ Kc1 77. Re1+ Kb2 78. Re2+ Ka1 79. d5 Rd7 80. Rd2 b2 81. Ke3 b1=Q 82. Kd4 Qb4+ 0-1

[Event "January 9 Late 2024"]
[Site "https://www.chess.com"]
[Date "2024.01.09"]
[Round "2"]
[White "Hungaski, Robert"]
[Black "Ferriz Barrios, Andres"]
[Result "0-1"]
[Board "211"]
[TimeControl "180+1"]
[WhiteFideId "2021030"]
[BlackFideId "5104467"]
[WhiteElo "2492"]
[BlackElo "2204"]
[WhiteTeam "USA"]
[BlackTeam "MEX"]
[WhiteClock "0:00:00"]
[BlackClock "0:00:42"]

1. e4 e6 2. d4 d5 3. Nc3 dxe4 4. Nxe4 Nd7 5. g3 Ngf6 6. Nxf6+ Nxf6 7. Bg2 c6 8. Ne2 Bd6 9. O-O O-O 10. c4 e5 11. h3 c5 12. dxe5 Bxe5 13. Qc2 Rb8 14. Bf4 Qc7 15. Rfe1 Re8 16. Bxe5 Qxe5 17. Nc3 Qxe1+ 18. Rxe1 Rxe1+ 19. Kh2 Bd7 20. Qd2 Ree8 21. Nd5 Nxd5 22. cxd5 b6 23. h4 Re5 24. d6 Rd8 25. Qf4 Re6 26. Bd5 Rf6 27. Qe5 Be6 28. Bc6 Rxf2+ 29. Kg1 Rd2 30. d7 Bxd7 31. Be4 Be6 32. h5 Rd1+ 33. Kf2 R1d2+ 34. Ke3 R2d6 35. h6 f6 36. Qh5 f5 37. Bxf5 Bxf5 38. Qxf5 Rxh6 39. Qg5 Re8+ 40. Kf3 Rhe6 41. Qd5 h6 42. Qb7 R8e7 43. Qa8+ Kh7 44. a4 Rf6+ 45. Kg4 g6 46. Kh3 Rfe6 47. Qd8 Re3 48. a5 R3e6 49. a6 Kg7 50. b3 Rf7 51. Qc8 Re4 52. Qb8 g5 53. Qa8 Rfe7 54. Qd5 Kg6 55. Qc6+ R4e6 0-1

[Event "January 9 Late 2024"]
[Site "https://www.chess.com"]
[Date "2024.01.09"]
[Round "2"]
[White "Abdi, Farzad"]
[Black "Martins, Vinicius Tine"]
[Result "0-1"]
[Board "212"]
[TimeControl "180+1"]
[WhiteFideId "2076829"]
[BlackFideId "2112884"]
[WhiteElo "2202"]
[BlackElo "2491"]
[WhiteTeam "USA"]
[BlackTeam "BRA"]
[WhiteClock "0:01:43"]
[BlackClock "0:01:43"]

1. d4 d6 2. e4 Nf6 3. Nc3 g6 4. Nf3 Bg7 5. g3 c5 6. Bg2 cxd4 7. Nxd4 Bd7 8. O-O Nc6 9. Nb3 Qc8 10. Re1 Bh3 11. a3 h5 12. Bg5 h4 13. Bxh4 Bxg2 14. Kxg2 g5 15. Bxg5 Qh3+ 16. Kf3 Qh5+ 17. Kg2 Qxh2+ 18. Kf1 Qh1+ 19. Ke2 Qh5+ 0-1

[Event "January 9 Late 2024"]
[Site "https://www.chess.com"]
[Date "2024.01.09"]
[Round "2"]
[White "Czerw, Dawid"]
[Black "Bullen, Alex"]
[Result "0-1"]
[Board "213"]
[TimeControl "180+1"]
[WhiteFideId "1145746"]
[BlackFideId "1801627"]
[WhiteElo "2486"]
[BlackElo "2200"]
[WhiteTeam "POL"]
[BlackTeam "WLS"]
[WhiteClock "0:00:59"]
[BlackClock "0:00:45"]

1. e4 c6 2. Nc3 d5 3. Qf3 e6 4. Nh3 Nd7 5. d4 dxe4 6. Nxe4 Ngf6 7. Bd3 Nxe4 8. Qxe4 Nf6 9. Qh4 Be7 10. Bg5 Nd5 11. Bxe7 Qxe7 12. Qg4 O-O 13. c3 e5 14. Qg3 exd4+ 15. Kf1 dxc3 16. bxc3 Bxh3 17. Qxh3 g6 18. Qf3 Rfe8 19. h4 Qe5 20. h5 Qxc3 21. Rd1 Qf6 22. Qg3 Ne3+ 23. Kg1 Nxd1 24. hxg6 Re1+ 25. Kh2 Rxh1+ 26. Kxh1 Nxf2+ 27. Kg1 hxg6 28. Bc4 Ne4 29. Qg4 Qf2+ 30. Kh2 Qg3+ 0-1

[Event "January 9 Late 2024"]
[Site "https://www.chess.com"]
[Date "2024.01.10"]
[Round "2"]
[White "Piscicelli, Daniel Orlando"]
[Black "Saha, Ananda"]
[Result "0-1"]
[Board "214"]
[TimeControl "180+1"]
[WhiteFideId "101958"]
[BlackFideId "2619644"]
[WhiteElo "2186"]
[BlackElo "2484"]
[WhiteTeam "ARG"]
[BlackTeam "CAN"]
[WhiteClock "0:00:00"]
[BlackClock "0:00:29"]

1. e4 e6 2. d4 d5 3. exd5 exd5 4. Bd3 c5 5. Nf3 c4 6. Be2 Bd6 7. O-O Nf6 8. c3 h6 9. Be3 Nc6 10. Nbd2 Bf5 11. Re1 O-O 12. b3 b5 13. Nf1 Ne4 14. Rc1 Ba3 15. Rc2 Nd6 16. Rd2 Qa5 17. b4 Nxb4 18. cxb4 Bxb4 19. Ng3 Bh7 20. Ne5 Bxd2 21. Qxd2 c3 22. Qc1 b4 23. Nc6 Qa4 24. Ne7+ Kh8 25. Nxd5 Rac8 26. Bxh6 Qc2 27. Qxc2 Bxc2 28. Be3 a5 0-1

[Event "January 9 Late 2024"]
[Site "https://www.chess.com"]
[Date "2024.01.09"]
[Round "2"]
[White "Novik, Maxim"]
[Black "Ferrufino, Boris"]
[Result "1-0"]
[Board "215"]
[TimeControl "180+1"]
[WhiteFideId "4102924"]
[BlackFideId "3300170"]
[WhiteElo "2480"]
[BlackElo "2171"]
[WhiteTeam "LTU"]
[BlackTeam "BOL"]
[WhiteClock "0:01:47"]
[BlackClock "0:01:26"]

1. e4 c5 2. Nf3 d6 3. d4 cxd4 4. Nxd4 Nf6 5. Nc3 g6 6. Be2 Bg7 7. O-O Nc6 8. Nb3 O-O 9. Bg5 b6 10. f4 Bb7 11. Bf3 Rc8 12. Qd2 a6 13. Rad1 Qc7 14. Rfe1 Rfd8 15. Nd5 Nxd5 16. exd5 Na5 17. Nxa5 bxa5 18. Rxe7 Rd7 19. Rxd7 Qxd7 20. c3 Qa4 21. b3 Qa3 22. c4 a4 23. f5 axb3 24. f6 Bf8 25. Bh6 Kh8 26. Bxf8 Rxf8 27. axb3 Qxb3 28. Qh6 Rg8 29. Qf4 Qb6+ 30. Kh1 Re8 31. h4 Re5 32. Qh6 1-0

[Event "January 9 Late 2024"]
[Site "https://www.chess.com"]
[Date "2024.01.09"]
[Round "2"]
[White "Gutierrez Olivares, Daniel"]
[Black "Varela La Madrid, Maria"]
[Result "1-0"]
[Board "216"]
[TimeControl "180+1"]
[WhiteFideId "2264005"]
[BlackFideId "3903346"]
[WhiteElo "2476"]
[BlackElo "2169"]
[WhiteTeam "ESP"]
[BlackTeam "VEN"]
[WhiteClock "0:00:37"]
[BlackClock "0:00:16"]

1. Nf3 c6 2. c4 d5 3. e3 Nf6 4. b3 Nbd7 5. Bb2 Qc7 6. Be2 e5 7. cxd5 cxd5 8. Nc3 a6 9. Rc1 Qb8 10. d4 e4 11. Ne5 Bd6 12. f4 exf3 13. Bxf3 Nxe5 14. dxe5 Bxe5 15. Ba3 Bd6 16. Bb2 O-O 17. Nxd5 Nxd5 18. Qxd5 Bb4+ 19. Kf2 Ra7 20. Qd4 1-0

[Event "January 9 Late 2024"]
[Site "https://www.chess.com"]
[Date "2024.01.09"]
[Round "2"]
[White "Sukandar, Irine Kharisma"]
[Black "Glashausser, Sho"]
[Result "0-1"]
[Board "217"]
[TimeControl "180+1"]
[WhiteFideId "7101937"]
[BlackFideId "30908329"]
[WhiteElo "2476"]
[BlackElo "2168"]
[WhiteTeam "INA"]
[BlackTeam "USA"]
[WhiteClock "0:00:00"]
[BlackClock "0:00:01"]

1. d4 e6 2. Bf4 f5 3. e4 fxe4 4. Nc3 Nf6 5. f3 exf3 6. Qxf3 Nc6 7. O-O-O Be7 8. d5 exd5 9. Nxd5 Nxd5 10. Qxd5 d6 11. Bc4 Rf8 12. Qh5+ g6 13. Qxh7 Bf5 14. Nf3 Qd7 15. Rhe1 O-O-O 16. Qg7 Bf6 17. Qxd7+ Rxd7 18. Bg5 Bxg5+ 19. Nxg5 Ne5 20. Bb3 Rh8 21. h3 Re7 22. g4 Bd7 23. Re3 Rhe8 24. a3 a5 25. Rf1 Bb5 26. Rf6 a4 27. Bd5 c6 28. Be6+ Kc7 29. Kd1 Ba6 30. Ba2 d5 31. Rf2 Kd7 32. Rd2 Nc4 0-1